 Dungeon Crawl Stone Soup version 0.21-a0-364-gbd1fde4 (webtiles) character file.

53 Coron the Chopper (level 3, 10/34 HPs)
             Began as a Deep Dwarf Monk on Oct 14, 2017.
             Was a Priest of Zin.
             Got out of the dungeon alive.
             The game lasted 00:03:38 (1197 turns).

Coron the Chopper (Deep Dwarf Monk)                 Turns: 1197, Time: 00:03:39

Health: 10/34      AC:  5    Str: 15    XL:     3   Next: 64%
Magic:  3/3        EV: 13    Int: 10    God:    Zin [***...]
Gold:   43         SH:  0    Dex: 15    Spells: 2/2 levels left

rFire    . . .     SeeInvis .   a - +0 hand axe
rCold    . . .     Gourm    .   (no shield)
rNeg     . . .     Faith    .   d - +0 leather armour
rPois    .         Spirit   .   e - +0 helmet
rElec    .         Reflect  .   (no cloak)
rCorr    .         Harm     .   (no gloves)
MR       .....                  k - +0 pair of boots
Stlth    ++........             (no amulet)
HPRegen  0.00/turn              (no ring)
MPRegen  0.08/turn              (no ring)

@: non-regenerating
A: damage resistance, heal wounds, sense surroundings 1, no regeneration
a: Heal Wounds, Recite, Vitalisation, Imprison, Donate Gold, Renounce Religion


You escaped.
You worshipped Zin.
Zin was most pleased with you.
You were not hungry.

You visited 1 branch of the dungeon, and saw 2 of its levels.

You collected 47 gold pieces.
You donated 4 gold pieces to Zin.

Inventory:

Hand Weapons
 a - a +0 hand axe (weapon)
Armour
 d - a +0 leather armour (worn)
 e - a +0 helmet (worn)
 k - a +0 pair of boots (worn)
Scrolls
 b - a scroll of remove curse
 i - a scroll of identify
 j - a scroll of immolation
Comestibles
 c - 2 bread rations
 f - a chunk of flesh
 g - 2 fruits
 h - 2 meat rations


   Skills:
 - Level 3.0 Fighting
 - Level 4.0 Axes
 + Level 2.1 Armour
 - Level 3.2 Dodging
 - Level 3.0 Stealth


You had 2 spell levels left.
You didn't know any spells.

Dungeon Overview and Level Annotations

Branches:
Dungeon (2/15)

Altars:
Zin


Innate Abilities, Weirdness & Mutations

You are resistant to damage.
You can heal yourself by infusing magical energy.
You passively map a small area around you.
You do not regenerate.


Message History

You climb upwards.
There is a stone staircase leading down here.
(D) Dungeon
Where to? (Enter - D:1, ? - help)
Okay, then.
You enter the shallow water.
Moving in this stuff is going to be slow.
You enter the shallow water.
Moving in this stuff is going to be slow.
You enter the shallow water.
Moving in this stuff is going to be slow.
You enter the shallow water.
Moving in this stuff is going to be slow.
You enter the shallow water.
Moving in this stuff is going to be slow.
Some of the chunks of flesh in your inventory have rotted away.
Some of the chunks of flesh in your inventory have rotted away.
There is a staircase leading out of the dungeon here.
Are you sure you want to leave the Dungeon?
This will make you lose the game!
You have escaped!

#.#..# #.#.
#.#.#######.#.
#.#.........#.
####.#########.#.
#............#.#.
#....#######.#.#.
#....# #.#.#. ####..##
#.#.## ###@≈###.##
#.#.# ##.##≈≈≈##.##
#.#.## ##≈≈≈####≈##≈##
#.#... #≈###≈≈≈##≈##≈#
#.#.## #≈#.####≈##≈#≈#
#.####
##≈#≈≈≈≈##≈#≈#≈###....#
#.≈#≈##≈.#≈#≈#≈.#####.#
##≈#≈#.≈##≈#≈#≈## #.#
#≈#≈##≈≈≈##≈#≈# #..


There were no monsters in sight!

Vanquished Creatures
  A worm (D:2)
  A dart slug (D:1)
  4 leopard geckos
  4 giant cockroaches
  6 goblins
  7 hobgoblins (D:1)
  2 jackals (D:2)
  2 kobolds (D:1)
  5 bats
  5 frilled lizards
  5 rats
42 creatures vanquished.

Vanquished Creatures (others)
  7 toadstools (D:1)
7 creatures vanquished.

Grand Total: 49 creatures vanquished

Notes
Turn   | Place    | Note
-------+----------+-------------------------------------------
     0 | D:1      | Coron the Deep Dwarf Monk began the quest for the Orb.
     0 | D:1      | Reached XP level 1. HP: 20/20 MP: 1/1
   144 | D:1      | Reached XP level 2. HP: 23/28 MP: 2/2
   180 | D:1      | Reached skill level 1 in Armour
   564 | D:1      | Reached XP level 3. HP: 13/34 MP: 3/3
  1041 | D:2      | Reached skill level 4 in Axes
  1067 | D:2      | Found a faded altar of an unknown god.
  1088 | D:2      | Became a worshipper of Zin the Law-Giver
  1088 | D:2      | Reached * piety under Zin
  1088 | D:2      | Reached ** piety under Zin
  1088 | D:2      | Reached *** piety under Zin
  1197 | D:$      | Got out of the dungeon alive.

Vault maps used:
D:1:      nagdon_arrival_double_spiral
D:2:      grunt_temple_overflow_open, nicolae_overflow_crystal_walls,
          chequers_ecumenical_altar_simple, kennysheep_generic_room_8

Skill      XL: |  1  2  3 |
---------------+----------+-----
Fighting       | 3 |  3.0
Stealth        | 3 |  3.0
Armour         | 2 |  2.1
Axes           | 4 |  4.0
Dodging        | |  3.2

Action                   || total
-------------------------++-------
Melee: Hand axe          ||   129
  Use: Scroll            ||     3
 Stab: Sleeping          ||    10
  Eat: Chunk             ||     1
Armor: Leather armour    ||    27
Dodge: Dodged            ||    92

Table legend:
 A = Spawn XP
 B = Non-spawn XP
 C = Spawn XP percentage of total XP
 D = Spawn monster count
 E = Non-spawn monster count
 F = Spawn count percentage of total count
 G = Total turns spent on level
                    A         B        C        D         E        F      G
               +---------+---------+-------+---------+---------+-------+---------
         Total |       0 |      77 |   0.0 |       0 |      42 |   0.0 |  1197
               +---------+---------+-------+---------+---------+-------+---------
           D:1 |       0 |      58 |   0.0 |       0 |      33 |   0.0 |  1025
           D:2 |       0 |      19 |   0.0 |       0 |       9 |   0.0 |   172
               +---------+---------+-------+---------+---------+-------+---------
